 Dungeon Sprint DCSS version 0.17-a0-1575-g9a29ec8 (webtiles) character file.

0 nuthulu the Shield-Bearer (level 2, -1/20 HPs)
             Began as a Gargoyle Fighter on July 26, 2015.
             Was an Initiate of Okawaru.
             Slain by a killer bee (5 damage)
             ... in the Dungeon (Sprint VI: "Thunderdome").
             The game lasted 00:00:57 (88 turns).

nuthulu the Shield-Bearer (Gargoyle Fighter)          Turns: 88, Time: 00:00:57

Health: -1/20      AC: 10    Str: 19    XL:     2   Next: 95%
Magic:  2/2        EV:  7    Int:  8    God:    Okawaru [......]
Gold:   20         SH:  9    Dex:  9    Spells: 0 memorised, 1 level left

rFire  x . .     SeeInvis .     a - +0 flail
rCold  + + .     Clarity  .     b - +0 scale mail
rNeg   + + +     SustAt   .     c - +0 shield
rPois  ∞         Gourm    .     (no helmet)
rElec  +         Spirit   .     (no cloak)
rCorr  +         Warding  .     (no gloves)
rMut   .         NoTele   +     (no boots)
MR     .....                    p - amulet of Ehawali {rCorr rN+}
Stlth  +.........               s - ring of the Spinneret {rElec rC+ Stlth+}
                                q - ring "Foyvuor" {Ice rN+}

@: not resistant to hostile enchantments, very unstealthy
A: negative energy resistance 1, electricity resistance, unbreathing,
petrification resistance, rot immunity, AC +2
a: Renounce Religion


You were in the Dungeon.
You worshipped Okawaru.
Okawaru was noncommittal.
You were not hungry.

You visited 1 branch You collected 200 gold pieces.
You spent 180 gold pieces at shops.

Inventory:

Hand weapons
 a - a +0 flail (weapon)
Armour
 b - a +0 scale mail (worn)
 c - a +0 shield (worn)
Jewellery
 p - the amulet of Ehawali (around neck) {rCorr rN+}
   (You bought it in a shop in the Dungeon)

   [amulet of resist corrosion]

   It protects you from acid and corrosion.
   It protects you from negative energy.
 q - the ring "Foyvuor" (left hand) {Ice rN+}
   (You bought it in a shop in the Dungeon)

   [ring of ice]

   It enhances your ice magic, and weakens your fire magic.
   It makes you vulnerable to fire.
   It protects you from cold.
   It protects you from negative energy.
 r - the ring of Daheihenki {+Fly rElec rPois}
   (You bought it in a shop in the Dungeon)

   [ring of flight]

   It insulates you from electricity.
   It protects you from poison.
   It lets you fly.
 s - the ring of the Spinneret (right hand) {rElec rC+ Stlth+}
   (You bought it in a shop in the Dungeon)

   [ring of stealth]

   It protects you from cold.
   It insulates you from electricity.
   It makes you more stealthy.
Magical devices
 l - a wand of cold (5)
 m - a wand of fire (5)
Scrolls
 k - 4 scrolls of blinking
 n - 3 scrolls of fog
Potions
 d - a potion of might
 f - a potion of curing
 g - 4 potions of heal wounds
 h - 4 potions of haste
 i - 2 potions of magic
 j - a potion of berserk rage
 o - a potion of resistance
Comestibles
 e - a bread ration


   Skills:
 + Level 4.5 Fighting
 + Level 2.4 Maces & Flails
 + Level 4.7 Armour
 + Level 4.8 Shields


You had one spell level left.
You didn't know any spells.

Dungeon Overview and Level Annotations

Branches:
Dungeon (1/1)

Altars:
Cheibriados
Dithmenos
Fedhas
Makhleb
Okawaru
Qazlal
Ru
Sif Muna
Trog
Vehumet
Xom
Yredelemnul
The Shining One
Jiyva
Lugonu

Shops:
D *[%?**[(


Innate Abilities, Weirdness & Mutations

You are resistant to torment.
Your stone body is resilient (AC +2).
You are immune to poison.
You resist negative energy.
You are resistant to electric shocks.
You can survive without breathing.
You are immune to petrification.
You are immune to rotting.


Message History

Your shield and scale mail prevent you from hitting the killer bee.
The soldier ant twitches its antennae in your direction.
The killer bee stings you.
* * * LOW HITPOINT WARNING * * *
The worker ant bites you but does no damage.
The killer bee barely misses you. x2
The worker ant bites you but does no damage.
You thump the killer bee!
The killer bee is severely wounded.
The killer bee stings you but does no damage.
You block the killer bee's attack.
The worker ant bites you but does no damage.
The killer bee barely misses you.
Unknown command.
Unknown command.
Unknown command.
You hit the killer bee.
The killer bee is almost dead.
The killer bee stings you.
You die...

..†.........###..
.........###...# .......
.........# #.<.# .......
.........###...###.......
............###..........
#∩........8.# #.8........
##∩___.....a###......_._
######.8.......y.8.#
#⌠.......a@..⌠#
###.........###
#_......._# #_......._#
#_......._# #∩.......∩#
##∩.....∩## ##.....##
##⌠⌠⌠#


You could see a soldier ant, a worker ant and a killer bee.

Vanquished Creatures
  A worker ant (D)
1 creature vanquished.

Notes
Turn   | Place    | Note
--------------------------------------------------------------
     0 | D        | nuthulu the Gargoyle Fighter began the quest for the Orb.
     0 | D        | Reached XP level 1. HP: 14/14 MP: 1/1
     1 | D        | Found a deep blue altar of Sif Muna.
     1 | D        | Found a corrupted altar of Lugonu.
     2 | D        | Found a burning altar of Makhleb.
     2 | D        | Found a glowing golden altar of the Shining One.
     3 | D        | Found a shimmering altar of Xom.
     3 | D        | Found a viscous altar of Jiyva.
     4 | D        | Found Kelep's Identification Station.
     4 | D        | Found a sacrificial altar of Ru.
     4 | D        | Found a stormy altar of Qazlal.
     4 | D        | Found Fungemn's Bee Food.
     5 | D        | Found Kiri's Advanced Armour.
     5 | D        | Found Hiafupaf's Jewellery.
     5 | D        | Round 1.
     6 | D        | Noticed a worker ant
     8 | D        | Found a blossoming altar of Fedhas.
    13 | D        | Bought a vibrating ruby amulet for 45 gold pieces
    13 | D        | Bought a scorched glass ring for 45 gold pieces
    13 | D        | Bought a crude copper ring for 45 gold pieces
    13 | D        | Identified the amulet of Ehawali {rCorr rN+} (You bought it in a shop in the Dungeon)
    14 | D        | Identified the ring "Foyvuor" {Ice rN+} (You bought it in a shop in the Dungeon)
    15 | D        | Identified the ring of Daheihenki {+Fly rElec rPois} (You bought it in a shop in the Dungeon)
    18 | D        | Killed a worker ant
    18 | D        | Reached skill level 4 in Fighting
    18 | D        | Reached XP level 2. HP: 17/20 MP: 2/2
    19 | D        | Bought a vibrating platinum ring for 45 gold pieces
    20 | D        | Identified the ring of the Spinneret {rElec rC+ Stlth+} (You bought it in a shop in the Dungeon)
    26 | D        | Found a basalt altar of Yredelemnul.
    27 | D        | Found Hetiudd's Premium Goods.
    28 | D        | Found Jaethriu's Miscellaneous Merchandise.
    28 | D        | Found Gyhelaegge's Basic Armour.
    29 | D        | Found an iron altar of Okawaru.
    29 | D        | Found a bloodstained altar of Trog.
    29 | D        | Found a radiant altar of Vehumet.
    29 | D        | Found Tome's Weapon Rack.
    33 | D        | Found a snail-covered altar of Cheibriados.
    38 | D        | Became a worshipper of Warmaster Okawaru
    71 | D        | Found a shadowy altar of Dithmenos.
    82 | D        | Noticed a killer bee
    86 | D        | Noticed a soldier ant
    88 | D        | Slain by a killer bee

Vault maps used:
D:        arena_sprint

Action                   || total
-------------------------++-------
Melee: Flail             ||    20
